 Dungeon Crawl Stone Soup version 0.23.2-33-g5129a83184 (webtiles) character file.

Game seed: 10887868012515060498

240 dvd the Shield-Bearer (level 5, 0/46 HPs)
             Began as a Minotaur Fighter on June 27, 2019.
             Slain by an orc priest
             ... wielding a +0 dagger
              (3 damage)
             ... on level 3 of the Dungeon.
             The game lasted 00:04:54 (2192 turns).

dvd the Shield-Bearer (Minotaur Fighter)            Turns: 2192, Time: 00:04:55

Health: 0/46       AC:  6    Str: 23    XL:     5   Next: 79%
Magic:  4/4        EV:  9    Int:  5    God:
Gold:   153        SH: 10    Dex: 11    Spells: 4/4 levels left

rFire    . . .     SeeInvis .   a - +0 war axe
rCold    . . .     Gourm    .   c - +0 shield
rNeg     . . .     Faith    .   A - +0 leather armour (curse)
rPois    .         Spirit   .   (helmet restricted)
rElec    .         Reflect  .   y - scarf {cloud immunity}
rCorr    .         Harm     .   p - +2 pair of gloves
MR       .....                  (no boots)
Stlth    +.........             (no amulet)
HPRegen  0.15/turn              r - +3 ring of strength
MPRegen  0.09/turn              (no ring)

@: no status effects
A: retaliatory headbutt, horns 2
a: no special abilities


You were on level 3 of the Dungeon.
You were not hungry.

You visited 1 branch of the dungeon, and saw 3 of its levels.

You collected 153 gold pieces.

Inventory:

Hand Weapons
 a - a +0 war axe (weapon)
 q - a +0 flail
Missiles
 n - 10 tomahawks (quivered)
Armour
 b - a +0 scale mail
 c - a +0 shield (worn)
 m - a +0 ring mail of magic resistance
 p - a +2 pair of gloves (worn)
 s - a +0 plate armour
 y - a scarf of cloud immunity (worn)
 A - a cursed +0 leather armour (worn)
Jewellery
 r - a +3 ring of strength (left hand)
Wands
 t - a wand of flame (23)
Scrolls
 h - 6 scrolls of identify
 l - a scroll of enchant armour
Potions
 d - a potion of might
 e - 2 potions of cancellation
 g - a potion of ambrosia {unknown}
 j - 5 potions of curing {unknown}
 k - a potion of berserk rage {unknown}
 o - a potion of resistance {unknown}
 v - a potion of brilliance {unknown}
 z - 2 potions of mutation {unknown}
Comestibles
 f - 9 rations


   Skills:
 + Level 4.2 Fighting
 + Level 4.6 Axes
 + Level 2.0 Throwing
 + Level 4.4 Armour
 + Level 0.3 Dodging
 + Level 5.1 Shields


You had 4 spell levels left.
You didn't know any spells.
Your spell library was empty.

Dungeon Overview and Level Annotations

Branches:
Dungeon (3/15)

Altars:
Ru
Beogh


Innate Abilities, Weirdness & Mutations

You reflexively headbutt those who attack you in melee.
You have a pair of horns on your head.


Message History

The orc priest calls upon Beogh to heal the orc priest.
The orc priest is healed somewhat.
You barely miss the orc priest. You headbutt the orc priest.
The orc priest is severely wounded.
You closely miss the frilled lizard. You closely miss the orc.
You block the frilled lizard's attack.
The orc priest hits you but does no damage.
The orc hits you but does no damage. The frilled lizard barely misses you.
The orc priest hits you.
You slash the orc priest!
You kill the orc priest!
Your Throwing skill increases to level 2!
You hit the frilled lizard.
You kill the frilled lizard!
You barely miss the orc. The orc closely misses you.
The orc priest mumbles some strange prayers to Beogh against you.
Beogh smites you!
* * * LOW HITPOINT WARNING * * *
The orc priest hits you with a +0 dagger.
You die...

.............# #..#
..........##.# #..#
##.##...#.##.# #..# #####
......######.######.#######...#
.####.....##.##$_.##........#.#
.#........#..#.8$8.########...#
.#.##.....#..#.$.$$# ..# ##.##
.#.#......##.#.8o8$# #.# ##.##
....._....)).##o@)# #.###.#.###
#......#.#))..##'## #....###...
#.....##.#รท#.....# #.###.#.##.
#........#.#..#### #.# ##.###.
#.....####.#..# #.####.# #.
#####.........#########.##)..#
#.
#.###.######............##.###
#. #.......####..#########.##.#
#. #######..(....# #.##.#####.


You could see an orc priest and an orc.

Vanquished Creatures
  2 orc priests (D:3)
  A hound (D:2)
  4 adders (D:2)
  An ooze (D:3)
  3 worms (D:3)
  An adder skeleton (D:2)
  2 dart slugs
  2 leopard geckos
  14 orcs (D:3)
  A ball python (D:3)
  8 bats
  5 giant cockroaches
  7 goblins
  7 hobgoblins
  6 jackals (D:2)
  2 quokkas
  5 frilled lizards
  2 kobolds
  9 rats
82 creatures vanquished.

Notes
Turn   | Place    | Note
-------+----------+-------------------------------------------
     0 | D:1      | dvd the Minotaur Fighter began the quest for the Orb.
     0 | D:1      | Reached XP level 1. HP: 19/19 MP: 0/0
   262 | D:1      | Reached skill level 4 in Shields
   265 | D:1      | Reached XP level 2. HP: 27/27 MP: 1/1
   713 | D:2      | Reached XP level 3. HP: 19/33 MP: 2/2
   778 | D:2      | Reached XP level 4. HP: 31/40 MP: 3/3
  1308 | D:3      | Reached skill level 1 in Throwing
  1330 | D:3      | Reached XP level 5. HP: 25/46 MP: 4/4
  1470 | D:3      | Found a sacrificial altar of Ru.
  1560 | D:3      | Reached skill level 5 in Shields
  2184 | D:3      | Found a roughly hewn altar of Beogh.
  2192 | D:3      | Slain by an orc priest

Skill      XL: |  1  2  3  4  5 |
---------------+----------------+-----
Shields        | 4 5 |  5.1
Fighting       | 4 |  4.2
Axes           | 3 4 |  4.6
Armour         | 4 |  4.4
Throwing       | 1 2 |  2.0
Dodging        | |  0.3

Action                   |  1- 3 |  4- 6 || total
-------------------------+-------+-------++-------
Melee: War axe           |    50 |    87 ||   137
       Headbutt          |     5 |    16 ||    21
Throw: Tomahawk          |     7 |    17 ||    24
  Use: Scroll            |       |     9 ||     9
  Eat: Chunk             |       |     4 ||     4
Armor: Scale mail        |    11 |       ||    11
       Ring mail         |    10 |    20 ||    30
       Leather armour    |       |    10 ||    10
Dodge: Dodged            |    24 |    34 ||    58
Block: Shield            |    34 |    49 ||    83
